 Dungeon Crawl Stone Soup version 0.30-a0-364-gf6b3ef1049 (webtiles) character file.

Game seed: 13716469403992209983

828 mopl the Sneak (level 7, -4/41 HPs)
             Began as an Octopode Hedge Wizard on Nov 14, 2022.
             Slain by a bullfrog (6 damage)
             ... in a sewer.
             The game lasted 00:08:12 (4299 turns).

mopl the Sneak (Octopode Hedge Wizard)              Turns: 4299, Time: 00:08:12

Health: -4/41      AC:  1    Str:  9    XL:     7   Next: 97%
Magic:  11/13      EV:  9    Int: 19    God:
Gold:   237        SH:  6    Dex: 11    Spells: 5/15 levels left

rFire   . . .      SeeInvis .    a - +1 short sword (venom)
rCold   . . .      Faith    .    i - +2 buckler
rNeg    . . .      Spirit   .    u - +0 hat
rPois   +          Reflect  .    (no amulet)
rElec   .          Harm     .    l - ring of poison resistance
rCorr   .          Rampage  .    (no ring)
Will    .....                    (no ring)
Stlth   +++++.....               (no ring)
HPRegen 0.26/turn                (no ring)
MPRegen 0.13/turn                (no ring)
                                 (no ring)
                                 (no ring)

@: about to teleport, constricted
A: almost no armour, amphibious, 8 rings, camouflage 1, gelatinous body 1,
nimble swimmer 1, tentacles
a: no special abilities


You were in a sewer.
You visited 1 branch of the dungeon, and saw 5 of its levels.
You also visited: Sewer.

You collected 237 gold pieces.

Inventory:

Hand Weapons
 a - a +1 short sword of venom (weapon)
 b - a +0 vampiric dagger
Missiles
 g - 4 poisoned darts
 q - 6 boomerangs
Armour
 i - a +2 buckler (worn)
 u - a +0 hat (worn)
Jewellery
 f - an amulet of faith {!P}
 l - a ring of poison resistance (left tentacle)
Wands
 t - a wand of iceblast (5)
Scrolls
 d - a scroll of teleportation
 h - a scroll of enchant armour {unknown}
 k - a scroll of fog {unknown}
 m - a scroll of poison {unknown}
 r - a scroll of silence {unknown}
 w - 2 scrolls of blinking {unknown}
 x - 2 scrolls of brand weapon
 y - a scroll of enchant weapon {unknown}
 z - a scroll of summoning {unknown}
Potions
 c - a potion of magic
 e - a potion of resistance
 j - 4 potions of heal wounds {unknown}
 n - 4 potions of brilliance {unknown}
 o - 2 potions of curing {unknown}
 p - a potion of berserk rage {unknown}
 s - a potion of ambrosia
 v - 3 potions of might
 A - a potion of mutation {unknown}


   Skills:
 - Level 2.0 Dodging
 * Level 5.1 Stealth
 - Level 2.0 Shields
 + Level 4.5 Spellcasting
 - Level 3.0 Conjurations
 * Level 3.4 Hexes
 - Level 1.0 Summonings
 - Level 3.0 Translocations
 + Level 1.2 Transmutations
 + Level 2.2 Ice Magic
 + Level 0.4 Air Magic
 + Level 1.2 Earth Magic
 + Level 0.6 Poison Magic


You had 5 spell levels left.
You knew the following spells:

 Your Spells              Type           Power      Damage    Failure   Level
a - Magic Dart            Conj           60%        1d6       4%          1
b - Ensorcelled Hibernat  Hex/Ice        30%        N/A       9%          2
c - Mephitic Cloud        Conj/Pois/Air  9%         N/A       28%         3
e - Blink                 Tloc           30%        N/A       8%          2
p - Passwall              Tmut/Erth      6%         N/A       16%         2

Your spell library contained the following spells:

 Spells                   Type           Power      Damage    Failure   Level
 Slow                     Hex            68%        N/A       4%          1
 Call Imp                 Summ           8%         N/A       17%         2
 Cigotuvi's Dreadful Rot  Necr/Pois/Air  10%        N/A       22%         2
 Swiftness                Air            6%         N/A       38%         3


Dungeon Overview and Level Annotations

Branches:
Dungeon (5/15)              Sewer (1/1)
 Temple: D:4-7

Altars:


Innate Abilities, Weirdness & Mutations

You cannot wear most types of armour.
You are amphibious.
You can wear up to eight rings at the same time.
Your skin changes colour to match your surroundings (Stealth+).
Your rubbery body absorbs attacks. (AC +1, EV +1)
You are camouflaged when in or above water. (Stealth+)
You have tentacles for arms and can constrict up to eight enemies at once.


Message History

You lose your grip on the bullfrog.
Floosh!
A ball python comes into view.
The ball python hisses angrily. x2; The bullfrog gives a loud, deep croak!
You hear an angry hiss.
The bullfrog hits you. The ball python closely misses you. x2
As you read the scroll labelled XICWAO CISO, it crumbles to dust.
It is a scroll of brand weapon.
Your +0 dagger of draining thirsts for the lives of mortals!
b - a +0 vampiric dagger The bullfrog hits you but does no damage.
You block the ball python's attack. The ball python barely misses you. x3
You block the bullfrog's attack. The adder misses you.
As you read the scroll labelled XEDUGIUTS, it crumbles to dust.
You feel strangely unstable.
It was a scroll of teleportation.
The bullfrog closely misses you. The ball python misses you.
The ball python barely misses you. The adder bites you.
The adder attacks as you move away! The adder completely misses you.
A ball python comes into view.
You feel stable enough to blink again. The bullfrog barely misses you.
You block the ball python's attack. The ball python grabs you.
The ball python constricts you. The ball python bites you.
You block the bullfrog's attack. You block the ball python's attack.
The ball python constricts you. The adder barely misses you.
The ball python's grasp on you weakens, but your attempt to escape fails.
You block the ball python's attack. The ball python barely misses you.
The adder completely misses you. The bullfrog hits you!
* * * LOW HITPOINT WARNING * * *
The ball python misses you. x2; The ball python constricts you.
* * * LOW HITPOINT WARNING * * *
The ball python bites you.
* * * LOW HITPOINT WARNING * * *
Unknown command.
You closely miss the ball python.
The ball python hisses angrily.
You grab the ball python. You squeeze the ball python.
You kill the ball python!
The bullfrog hits you.
You die...

#####################
...≈≈≈≈≈≈≈≈≈≈≈≈≈≈≈..###
..~≈≈≈≈≈~..~#≈≈≈≈≈~...##
..S~≈≈~~F≈≈#~~~≈≈≈~....#
..~#~~†SS≈≈≈≈≈~~~~~....#
..~≈≈≈S@SS≈≈≈≈≈≈≈≈~....#
..#≈≈≈SFS≈≈≈≈≈≈≈≈≈#.....
##################....
####... #..#... #..'...
#####.. ##...
####################....


You could see 2 bullfrogs, 2 adders and 6 ball pythons.

Vanquished Creatures
  Sigmund (D:4)
  A necrophage (D:3)
  Blork the orc (D:4)
  A scorpion (D:4)
  A howler monkey (D:4)
  An orc priest (D:3)
  4 orc wizards
  Robin (D:3)
  2 gnolls (D:1)
  8 adders
  6 river rats
  5 worms
  15 orcs
  15 ball pythons
  9 endoplasms
  2 giant cockroaches
  17 goblins
  11 hobgoblins
  5 jackals
  6 quokkas
  3 bats
  6 frilled lizards
  11 kobolds
  30 rats
162 creatures vanquished.

Vanquished Creatures (others)
  2 goblins (D:3)
2 creatures vanquished.

Grand Total: 164 creatures vanquished

Notes
Turn   | Place    | Note
-------+----------+-------------------------------------------
     0 | D:1      | mopl the Octopode Hedge Wizard began the quest for the Orb.
     0 | D:1      | Reached XP level 1. HP: 11/11 MP: 4/4
   234 | D:1      | Reached XP level 2. HP: 14/17 MP: 6/6
   269 | D:1      | Learned a level 2 spell: Blink
   327 | D:1      | Reached XP level 3. HP: 16/21 MP: 7/7
   344 | D:1      | Reached skill level 2 in Conjurations
   882 | D:2      | Reached XP level 4. HP: 24/27 MP: 9/9
  1277 | D:2      | Learned a level 2 spell: Ensorcelled Hibernation
  1547 | D:2      | Learned a level 3 spell: Mephitic Cloud
  1550 | D:2      | Learned a level 2 spell: Passwall
  1581 | D:3      | Reached skill level 1 in Shields
  1609 | D:3      | Noticed a necrophage
  1620 | D:3      | Killed a necrophage
  1621 | D:3      | Reached skill level 3 in Stealth
  1621 | D:3      | Reached skill level 1 in Hexes
  1621 | D:3      | Reached skill level 2 in Translocations
  1621 | D:3      | Reached XP level 5. HP: 22/31 MP: 10/10
  1903 | D:3      | Reached skill level 3 in Conjurations
  1903 | D:3      | Reached XP level 6. HP: 35/36 MP: 11/11
  1951 | D:3      | Noticed Robin
  2297 | D:3      | Reached skill level 4 in Spellcasting
  2769 | D:3      | Killed Robin
  2770 | D:3      | Reached skill level 1 in Ice Magic
  2888 | D:3      | Reached skill level 2 in Hexes
  3121 | D:4      | Noticed Blork the orc
  3135 | D:4      | Killed Blork the orc
  3136 | D:4      | Reached skill level 2 in Shields
  3195 | D:4      | Reached skill level 4 in Stealth
  3195 | D:4      | Reached XP level 7. HP: 33/41 MP: 13/13
  3215 | D:4      | Noticed Sigmund
  3485 | D:4      | Killed Sigmund
  3486 | D:4      | Reached skill level 3 in Hexes
  3486 | D:4      | Reached skill level 3 in Translocations
  3486 | D:4      | Reached skill level 2 in Ice Magic
  3515 | D:4      | Reached skill level 1 in Earth Magic
  3653 | D:4      | Reached skill level 1 in Transmutations
  3875 | D:5      | Entered Level 5 of the Dungeon
  3912 | D:5      | Found a glowing drain.
  3926 | Sewer    | Entered a sewer
  4037 | Sewer    | Reached skill level 5 in Stealth
  4298 | Sewer    | HP: 2/41 [ball python (1)]
  4299 | Sewer    | Slain by a bullfrog

Illustrated notes

Levels and vault maps discovered:
D:1:      heliophobic_arrival_dark_side_of_the_moon, layout_basic
D:2:      layout_basic
D:3:      kennysheep_goblin_castle, layout_basic, serial_park_tiny_2
D:4:      layout_basic, uniq_sigmund, uniq_blork_the_orc
D:5:      layout_basic, lightli_temple_of_fire, lightli_sewer_entry_pipes,
          nrook_pool_corridor, hangedman_decor_riveting,
          hangedman_minor_gate_pass, uniq_edmund
Sewer:    sewer_minmay_w

Skill      XL: |  1  2  3  4  5  6  7 |
---------------+----------------------+-----
Conjurations   | 2 3 |  3.0
Shields        | 1 2 |  2.0
Stealth        | 3 4 5 |  5.1
Hexes          | 1 2 3 |  3.4
Translocations | 2 3 |  3.0
Spellcasting   | 4 |  4.5
Ice Magic      | 1 2 |  2.2
Earth Magic    | 1 |  1.2
Transmutations | 1 |  1.2
Dodging        | |  2.0
Summonings     | |  1.0
Air Magic      | |  0.4
Poison Magic   | |  0.6

Action                   |  1- 3 |  4- 6 |  7- 9 || total
-------------------------+-------+-------+-------++-------
Melee: Dagger            |    19 |       |       ||    19
       Tentacles         |     9 |    37 |    27 ||    73
       Constrict         |     9 |    42 |    33 ||    84
       Short sword       |    29 |   157 |    98 ||   284
       Punch             |       |     5 |       ||     5
 Cast: Magic Dart        |     3 |     2 |       ||     5
       Blink             |       |     2 |     1 ||     3
       Passwall          |       |     1 |       ||     1
  Use: Scroll            |       |     1 |     5 ||     6
 Stab: Sleeping          |    14 |    17 |     7 ||    38
Armor: Skin              |       |     5 |     6 ||    11
Dodge: Dodged            |    22 |    69 |    81 ||   172
Block: Buckler           |       |    29 |    24 ||    53

Table legend: (Time is in decaauts)
 A = Elapsed time spent in this place.
 B = Non-inter-level travel time spent in this place.
 C = Inter-level travel time spent in this place.
 D = Time resting spent in this place.
 E = Time spent auto-exploring this place.
 F = Levels seen in this place.
 G = Mean time per level.
                   A        B        C        D        E       F      G
               +--------+--------+--------+--------+--------+-----+--------+
         Total |   4309 |   4160 |    149 |    607 |   2426 |   6 |  718.2 |
       Dungeon |   3934 |   3785 |    149 |    465 |   2365 |   5 |  786.8 |
         Sewer |    375 |    375 |      0 |    142 |     61 |   1 |  375.0 |
               +--------+--------+--------+--------+--------+-----+--------+

Top non-repeatable levels by time:
     D:3: 1378 daAuts
     D:4: 947 daAuts
     D:1: 851 daAuts
     D:2: 706 daAuts
   Sewer: 375 daAuts
     D:5: 51 daAuts
